 Dungeon Crawl Stone Soup version 0.31.0-1-g2c135a008e (webtiles) character file.

Game seed: 11724347397494949014

14 qw the Shooter (level 2, -1/23 HPs)
             Began as a Djinni Hunter on Jan 24, 2024.
             Slain by a kobold
             ... wielding a +0 dagger
              (2 damage)
             ... on level 1 of the Dungeon.
             The game lasted 00:00:01 (381 turns).

qw the Shooter (Djinni Hunter)                       Turns: 381, Time: 00:00:01

Health: -1/23      AC:  3    Str: 10    XL:     2   Next: 55%
Gold:   15         EV: 12    Int: 10    God:
                   SH:  0    Dex: 16

rFire   + + .        a - +0 shortbow
rCold   x . .        (shield currently unavailable)
rNeg    . . .        c - +0 leather armour
rPois   inf          (no helmet)
rElec   .            (no cloak)
rCorr   .            (no gloves)
SInv    .            (boots unavailable)
Will    .....        (no amulet)
Stlth   +            (no ring)
HPRegen 0.23/turn    (no ring)
MPRegen 0.00/turn

%: infuse magic (-2 HP)
@: flying
A: sickness immunity, fire resistance 2, cold vulnerability 1, float, innate
caster, HP casting, extra vitality 1
a: no special abilities


You were on level 1 of the Dungeon.
You visited 1 branch of the dungeon, and saw 1 of its levels.

You collected 15 gold pieces.


Innate Abilities, Weirdness & Mutations

You are immune to sickness and miasma.
You are immune to poison.
Your flesh is very heat resistant. (rF++)
You are vulnerable to cold. (rC-)
You float through the air rather than walking.
You learn spells naturally, not from books.
Your magical power is your life essence.
You have superior vitality. (+4 MHP)


   Skills:
 - Level 2.0 Fighting
 + Level 3.8 Ranged Weapons
 - Level 2.1 Dodging
 - Level 0.7 Stealth You didn't know any spells. Your spell library was empty.

Inventory:

Hand Weapons
 a - a +0 shortbow (weapon)
Armour
 c - a +0 leather armour (worn)
 d - a +0 ring mail
Scrolls
 b - a scroll of butterflies
 e - a scroll of revelation {unknown}
Potions
 f - a potion of degeneration {unknown}

Dungeon Overview and Level Annotations

Branches:
Dungeon (1/15)

Altars:

Shops:
D:1 *[?


Message History

The hobgoblin shouts!
You shoot an arrow.
The arrow barely misses the ball python.
You shoot an arrow.
The arrow closely misses the ball python.
A kobold comes into view. It is wielding a +0 dagger.
The ball python bites you. The ball python grabs you.
The ball python constricts you.
You shoot an arrow.
The arrow barely misses the ball python.
The ball python bites you. The ball python constricts you.
You shoot an arrow. The arrow hits the ball python.
The ball python is heavily wounded.
The ball python completely misses you. The ball python constricts you.
The hobgoblin hits you. The ball python bites you.
The ball python constricts you.
You shoot an arrow.
The arrow closely misses the ball python.
The arrow hits the endoplasm.
The endoplasm is severely wounded.
The ball python bites you. The ball python constricts you.
The hobgoblin closely misses you.
You shoot an arrow.
The arrow barely misses the ball python.
The ball python bites you. The ball python constricts you.
The endoplasm barely misses you. The hobgoblin barely misses you.
The ball python bites you. The ball python constricts you.
You shoot an arrow. The arrow hits the ball python.
You kill the ball python!
The hobgoblin hits you. The endoplasm freezes you.
You are frozen.
You shoot an arrow. The arrow barely misses the endoplasm.
The hobgoblin hits you. The endoplasm hits you.
The kobold hits you but does no damage. The kobold closely misses you.
The endoplasm closely misses you. The hobgoblin closely misses you.
You shoot an arrow. The arrow hits the endoplasm.
You kill the endoplasm!
The hobgoblin misses you. The kobold hits you with a +0 dagger.
You die...

#.# #...... #.#
#..... #.# #....
#.# +... #.# . #..
#.# ...#####.# #.#
.......(.###+#####
#.#
#.K@.........###%#
#.g.........>....#
#.\...........####
#.......)#+##.#
#......### #.#
#...)... #.#
#.......# #.#
#.......# #.# ...
#.#


You could see a hobgoblin and a kobold.

Vanquished Creatures
  A ball python (D:1)
  4 endoplasms (D:1)
  2 goblins (D:1)
  A hobgoblin (D:1)
  4 kobolds (D:1)
  A rat (D:1)
13 creatures vanquished.

Notes
Turn   | Place    | Note
-------+----------+-------------------------------------------
     0 | D:1      | qw the Djinni Hunter began the quest for the Orb.
     0 | D:1      | Reached XP level 1. HP: 18/18 MP: 0/0
     0 | D:1      | 0 ||| qw: Version: 0.3-a-136-gdd3b4e8
     0 | D:1      | 0 ||| qw: Game counter: 1341
     0 | D:1      | 0 ||| qw: Melee chars always use a shield: true
     0 | D:1      | 0 ||| qw: God list: Okawaru
     0 | D:1      | 0 ||| qw: Allow faded altars: false
     0 | D:1      | 0 ||| qw: Do Orc after clearing Dungeon:15 true
     0 | D:1      | 0 ||| qw: Do second Lair branch before Depths: true
     0 | D:1      | 0 ||| qw: Lair rune preference: random
     0 | D:1      | 0 ||| qw: Goals: Normal
     0 | D:1      | 0 ||| PLANNING D:1-11
    25 | D:1      | Found Hipux's Assorted Antiques.
    39 | D:1      | Found Jyimm's Antique Armour Shoppe.
    40 | D:1      | 40 ||| SHOPLISTING metallic sapphire potion (25 gold, have
                  | 0).
    40 | D:1      | 40 ||| SHOPLISTING runed ring mail (196 gold, have 0).
    40 | D:1      | 40 ||| SHOPLISTING scroll labelled ABOFUR ZADA (28 gold,
                  | have 0).
    40 | D:1      | 40 ||| SHOPLISTING scroll labelled ANKIACL IMIRPH (28 gold,
                  | have 0).
    40 | D:1      | 40 ||| SHOPLISTING scroll labelled ZEFEBA OXTE (28 gold,
                  | have 0).
    47 | D:1      | 47 ||| SHOPLISTING embroidered hat (210 gold, have 0).
    47 | D:1      | 47 ||| SHOPLISTING helmet (135 gold, have 0).
    47 | D:1      | 47 ||| SHOPLISTING runed leather armour (150 gold, have 0).
    47 | D:1      | 47 ||| SHOPLISTING shiny ring mail (210 gold, have 0).
    97 | D:1      | Reached XP level 2. HP: 13/23 MP: 0/0
   222 | D:1      | HP: 4/23 [frozen (6)]
   223 | D:1      | HP: 1/23 [frozen (4)]
   364 | D:1      | Found Daiggaes's Magic Scroll Shoppe.
   379 | D:1      | HP: 5/23 [frozen (1)]
   380 | D:1      | HP: 1/23 [endoplasm (2)]
   381 | D:1      | Slain by a kobold

Levels and vault maps discovered:
D:1:      nicolae_arrival_memento_mori, layout_basic, serial_shops, shop,
          shop_fountains, shop

Action                     || total
---------------------------++-------
   Fire: Shortbow          ||    46
 Armour: Leather armour    ||    18
  Dodge: Dodged            ||    11

Table legend:
 A = Non-vault XP
 B = Vault XP
 C = Vault XP percentage of total XP
 D = Non-vault monster count
 E = Vault monster count
 F = Vault count percentage of total count
                 A         B        C        D         E       F
            +---------+---------+-------+---------+---------+-------
      Total |      22 |       0 |   0.0 |      13 |       0 |   0.0
            +---------+---------+-------+---------+---------+-------
        D:1 |      22 |       0 |   0.0 |      13 |       0 |   0.0
            +---------+---------+-------+---------+---------+-------
